 Dungeon Crawl Stone Soup version 0.20-a0-1023-gc4d110f (webtiles) character file.

48351 M4edhros the Carver (level 14, -2/98 HPs)
             Began as an Octopode Artificer on Apr 19, 2017.
             Was the Champion of Qazlal.
             Hit by a javelin thrown by Urug (22 damage)
             ... on level 3 of the Lair of Beasts.
             The game lasted 00:45:01 (20520 turns).

M4edhros the Carver (Octopode Artificer)           Turns: 20520, Time: 00:45:02

Health: -2/98      AC: 12    Str: 11    XL:     14   Next: 46%
Magic:  23/23      EV: 22    Int: 19    God:    Qazlal [******]
Gold:   1982       SH: 20    Dex: 20    Spells: 13/13 levels left

rFire    . . .     SeeInvis +   A - +2 quick blade (flame)
rCold    . . .     Gourm    .   z - +1 shield {reflect}
rNeg     + . .     Faith    .   (helmet restricted)
rPois    .         Spirit   .   (no amulet)
rElec    .         Reflect  +   e - ring of positive energy
rCorr    +         Harm     .   k - +2 ring of dexterity
MR       +....     Clarity  +   l - ring of flight
Stlth    ++........             v - ring of resist corrosion
Regen    0.3/turn               x - +4 ring of protection
MPRegen  0.2/turn               M - +4 ring of intelligence
                                T - ring of see invisible
                                r - ring of wizardry

@: protected from physical damage, repel missiles
A: almost no armour, stealthy swim, amphibious, 8 rings, constrict 8, repulsion
field 1, iridescent scales 1, thin metallic scales 1, camouflage 1, clarity,
clever 1, screaming 1, gelatinous body 1, no potion heal 1
a: Upheaval, Elemental Force, Disaster Area, Renounce Religion, Evoke Flight


You were on level 3 of the Lair of Beasts.
You worshipped Qazlal.
Qazlal was exalted by your worship.
You were not hungry.

You visited 4 branches of the dungeon, and saw 21 of its levels.
You also visited: Labyrinth and Volcano.

You collected 1982 gold pieces.

Inventory:

Hand Weapons
 m - a +0 blowgun
 A - a +2 quick blade of flaming (weapon)
 S - a +5 scimitar
 V - the cursed +2 hunting sling "Ruqettoa" {venom, +Fly Int-5 Dex+3 SInv}
   (You found it on level 2 of the Lair of Beasts)

   It poisons the ammo it fires.
   It affects your intelligence (-5).
   It affects your dexterity (+3).
   It lets you see invisible.
   It lets you fly.
   It has a curse placed upon it.
Missiles
 a - 8 curare-tipped needles
Armour
 z - a +1 shield of reflection (worn)
Jewellery
 e - a ring of positive energy (left tentacle)
 k - a +2 ring of dexterity (right tentacle)
 l - a ring of flight (on tentacle)
 r - a ring of wizardry (on tentacle)
 v - a ring of resist corrosion (on tentacle)
 x - a +4 ring of protection (on tentacle)
 M - a +4 ring of intelligence (on tentacle)
 T - a ring of see invisible (on tentacle)
Wands
 b - a wand of random effects (11/48)
 d - a wand of iceblast (6/15)
 g - a wand of polymorph (11/24)
 n - a wand of digging (13/24)
 u - a wand of enslavement (3/24)
 G - a wand of flame (21/48)
 N - a wand of confusion (0/48)
 U - a wand of iceblast (2/15)
 W - a wand of acid (0/15)
 Z - a wand of acid (1/15)
Scrolls
 i - 2 scrolls of fear
 q - 6 scrolls of teleportation
 w - 3 scrolls of blinking
 y - 8 scrolls of amnesia
 E - a scroll of recharging
 F - 3 scrolls of identify
 L - 5 scrolls of remove curse
 Y - a scroll of magic mapping
Potions
 h - 3 potions of ambrosia
 j - a potion of agility
 p - 2 potions of berserk rage
 B - 2 potions of curing
 I - a potion of mutation
 K - 2 potions of magic
 R - a potion of flight
 X - 2 potions of heal wounds
Books
 c - a book of the Warp

   Spells                             Type                      Level
   a - Gell's Gravitas                Translocation                3
   b - Portal Projectile              Hexes/Translocation          3
   c - Force Lance                    Conjuration/Translocation    4
   d - Dispersal                      Translocation                6
   e - Controlled Blink               Translocation                8
   f - Disjunction                    Translocation                8
 H - Laduer's Papyrus of the Mountains and Dislocation
   (You found it in a labyrinth)

   Spells                             Type                      Level
   a - Gell's Gravitas                Translocation                3
   b - Teleport Other                 Translocation                3
   c - Petrify                        Transmutation/Earth          4
   d - Bolt of Magma                  Conjuration/Fire/Earth       5
   e - Lee's Rapid Deconstruction     Earth                        5
 O - a book of Maledictions

   Spells                             Type                      Level
   a - Corona                         Hexes                        1
   b - Ensorcelled Hibernation        Hexes/Ice                    2
   c - Confuse                        Hexes                        3
   d - Tukima's Dance                 Hexes                        3
   e - Dazzling Spray                 Conjuration/Hexes            3
 P - a book of Misfortune

   Spells                             Type                      Level
   a - Confusing Touch                Hexes                        1
   b - Confuse                        Hexes                        3
   c - Gell's Gravitas                Translocation                3
   d - Petrify                        Transmutation/Earth          4
   e - Metabolic Englaciation         Hexes/Ice                    5
   f - Yara's Violent Unravelling     Hexes/Transmutation          5
Miscellaneous
 o - a fan of gales
Comestibles
 f - 15 bread rations
 t - 4 royal jellies
 C - 15 fruits
 J - 6 meat rations


   Skills:
 - Level 9.7 Fighting
 - Level 1.0(8.7) Short Blades
 - Level 13.1(13.2) Long Blades
 - Level 9.8 Dodging
 - Level 10.0 Stealth
 * Level 8.7 Shields
 * Level 12.2 Invocations
 - Level 5.0 Evocations


You had 13 spell levels left.
You didn't know any spells.

Dungeon Overview and Level Annotations

Branches:
Dungeon (15/15)            Temple (1/1) D:7            Lair (3/6) D:10
  Snake (0/4) Lair:3          Orc (2/2) D:10            Elf (0/3) Orc:2
  Swamp: Lair:2-4    Shoals: Lair:2-4    Vaults: D:13-14     Depths: D:15

Altars:
Ashenzari
Cheibriados
Dithmenos
Elyvilon
Fedhas
Gozag
Hepliaklqana
Kikubaaqudgha
Makhleb
Nemelex Xobeh
Okawaru
Qazlal
Ru
Sif Muna
Trog
Uskayaw
Vehumet
Wu Jian
Xom
Yredelemnul
Zin
The Shining One
Beogh

Shops:
D:9 (   D:14 (   Orc:1 [   Orc:2 [[(*

Annotations:
D:13 zhorgal's ghost, journeyman TrFi
Lair:3 Urug


Innate Abilities, Weirdness & Mutations

You cannot wear most types of armour.
You are very stealthy in the water. (Stealth+)
You are amphibious.
You can wear up to eight rings at the same time.
You can use your tentacles to constrict eight enemies at once.
Your skin changes colour to match your surroundings (Stealth+).
Your rubbery body absorbs attacks. (AC +1, EV +1)
You are surrounded by a mild repulsion field. (EV +2)
You are partially covered in iridescent scales. (AC +2)
You are partially covered in thin metallic scales. (AC +2)
You possess an exceptional clarity of mind.
Your mind is acute. (Int +2)
You occasionally shout uncontrollably at your foes.
Potions are less effective at restoring your health.


Message History

Qazlal accepts your kill.
This wand has 3 charges left.
Unknown command.
Unknown command.
Evoke which item? (* to show all) (? for menu, Esc to quit)
Aiming: Corrosive Bolt
Press: ? - help, Shift-Dir - straight line, f - Urug
Aim: Urug, wielding an enchanted eveningstar and wearing a scale mail (heavily wounded)
The bolt of acid hits Urug.
Urug is splashed with acid.
Urug is severely wounded.
This wand has 2 charges left.
Urug throws a javelin.
You reflect the javelin off your +1 shield of reflection!
The javelin hits Urug!
Evoke which item? (* to show all) (? for menu, Esc to quit)
Aiming: Corrosive Bolt
Press: ? - help, Shift-Dir - straight line, f/p - Urug
Aim: Urug, wielding an enchanted eveningstar and wearing a scale mail (almost dead)
The bolt of acid misses Urug.
This wand has 1 charge left.
Urug throws a javelin.
The javelin hits you!!
You die...

##.#.### ##...#..#
##.<.#..## #....#.##
### ##.......# ####...#
#........#
#P.....###....§§..##
##......##....§§....#
###.......#.#..§@.....#
#..............§§§§>..#
##........(.o.....§..##
#........P...........#
............P.........#
.........#..#........##
.........#..####.....#
........#).## #..####
......###..# #.#


You could see Urug.

Vanquished Creatures
  Rupert (Lair:3)
  2 orc warlords (Orc:2)
  2 stone giants
  A minotaur (Lab)
  A great orb of eyes (D:15)
  Erolcha (D:10)
  4 hydras
  A centaur warrior (D:14)
  5 two-headed ogres
  A death yak (Lair:3)
  Sonja (Lair:3)
  3 skeletal warriors (D:14)
  2 unseen horrors (D:14)
  An orc knight (Orc:2)
  2 wolf spider zombies
  An orc sorcerer (Orc:2)
  A wolf spider (D:15)
  A cyclops (D:11)
  A manticore (D:15)
  3 ugly things
  A black mamba (Lair:1)
  2 gargoyles
  2 molten gargoyles (Volcano)
  A rime drake (Lair:2)
  A spiny frog (Lair:2)
  An efreet (Volcano)
  2 komodo dragons
  5 trolls
  A polar bear (Lair:2)
  A hornet (D:11)
  7 hippogriffs
  18 yaks
  A spriggan (D:7)
  A shadow (D:14)
  A fire elemental (Volcano)
  A steam dragon (D:12)
  4 vampire mosquitoes (D:14)
  2 wargs
  6 water moccasins
  37 orc warriors
  3 porcupines
  Duvessa (D:7)
  2 ice beasts
  4 sky beasts
  A necrophage (D:9)
  13 ogres
  2 phantoms
  18 centaurs
  8 killer bees
  7 crocodiles
  4 big kobolds
  Blork the orc (D:4)
  2 earth elementals (Volcano)
  A gnoll sergeant (D:9)
  13 bullfrogs
  Dowan (D:7)
  4 scorpions
  13 wights
  6 howler monkeys
  6 lava snakes (Volcano)
  2 bullfrog zombies
  5 crimson imps
  6 hounds
  2 centaur zombies
  A gnoll shaman (D:7)
  2 centaur skeletons
  A bullfrog skeleton (D:7)
  27 orc priests
  33 orc wizards
  4 jellies
  6 iguanas
  5 worker ants
  A howler monkey zombie (D:6)
  A worker ant zombie (D:9)
  10 adders
  16 gnolls
  A howler monkey skeleton (D:4)
  2 shadow imps
  3 oozes
  3 adder skeletons
  9 leopard geckos
  111 orcs
  A ball python (D:3)
  4 bats
  4 giant cockroaches
  A goblin (D:1)
  6 hobgoblins
  10 jackals
  4 quokkas
  4 frilled lizards
  27 kobolds
  5 rats
557 creatures vanquished.

Vanquished Creatures (collateral kills)
  Donald (Orc:2)
  A yak (D:10)
  A warg (Orc:2)
  2 orc warriors (Orc:2)
  An ogre (Orc:2)
  A wight (D:6)
  An orc priest (Orc:2)
  An orc wizard (Orc:2)
  An orc (Orc:2)
  A ball python (D:1)
11 creatures vanquished.

Vanquished Creatures (others)
  A stone giant (Volcano)
  A two-headed ogre (D:6)
  2 porcupines (D:10)
  A fire elemental (Volcano)
  2 killer bees (D:9)
  2 wights (D:6)
  An orc (Orc:2)
  2 jackals (D:1)
  32 fungi
  16 plants
60 creatures vanquished.

Grand Total: 628 creatures vanquished

Notes
Turn   | Place    | Note
-------+----------+-------------------------------------------
     0 | D:1      | M4edhros the Octopode Artificer began the quest for the Orb.
     0 | D:1      | Reached XP level 1. HP: 13/13 MP: 3/3
   282 | D:1      | Reached XP level 2. HP: 16/18 MP: 4/4
   405 | D:2      | Reached XP level 3. HP: 8/23 MP: 5/5
   782 | D:4      | HP: 1/23 [iguana (11)]
   783 | D:4      | Reached skill level 5 in Stealth
   783 | D:4      | Reached XP level 4. HP: 2/28 MP: 6/6
  1168 | D:4      | Found a shimmering altar of Xom.
  1168 | D:4      | Found a shimmering altar of Xom.
  1169 | D:4      | Found a shimmering altar of Xom.
  1169 | D:4      | Found a shimmering altar of Xom.
  1169 | D:4      | Found a shimmering altar of Xom.
  1169 | D:4      | Found a shimmering altar of Xom.
  1192 | D:4      | Noticed Blork the orc
  1299 | D:4      | Reached XP level 5. HP: 18/33 MP: 7/7
  1446 | D:5      | Entered Level 5 of the Dungeon
  1586 | D:5      | Reached XP level 6. HP: 33/38 MP: 8/8
  1614 | D:6      | Found a shadowy altar of Dithmenos.
  1646 | D:6      | Noticed an orc warrior
  1648 | D:6      | Noticed a two-headed ogre
  1949 | D:6      | Reached skill level 10 in Stealth
  1949 | D:6      | Reached XP level 7. HP: 43/43 MP: 9/9
  2006 | D:6      | Reached skill level 1 in Long Blades
  2029 | D:6      | Reached skill level 2 in Long Blades
  2587 | D:6      | Reached skill level 3 in Long Blades
  2648 | D:6      | Reached XP level 8. HP: 46/51 MP: 10/10
  2820 | D:7      | Found a sparkling altar of Nemelex Xobeh.
  2834 | D:7      | Reached skill level 4 in Long Blades
  2953 | D:7      | Found a radiant altar of Vehumet.
  2953 | D:7      | Found a faded altar of an unknown god.
  2960 | D:7      | Found a glowing silver altar of Zin.
  2962 | D:7      | Found a faded altar of an unknown god.
  2963 | D:7      | Found a burning altar of Makhleb.
  3054 | D:7      | Noticed a hippogriff
  3062 | D:7      | Killed a hippogriff
  3062 | D:7      | Reached skill level 5 in Long Blades
  3131 | D:7      | Found a staircase to the Ecumenical Temple.
  3142 | Temple   | Entered the Ecumenical Temple
  3295 | Temple   | Became a worshipper of Qazlal Stormbringer
  4680 | D:4      | Reached * piety under Qazlal
  4765 | D:4      | Reached XP level 9. HP: 21/58 MP: 11/11
  4765 | D:4      | Reached skill level 6 in Long Blades
  5070 | D:4      | Killed Blork the orc
  5323 | D:4      | Reached skill level 5 in Dodging
  5703 | D:5      | Reached skill level 5 in Fighting
  6058 | D:5      | Reached skill level 7 in Long Blades
  6180 | D:7      | Found a white marble altar of Elyvilon.
  6208 | D:7      | Noticed Dowan
  6209 | D:7      | Noticed Duvessa
  6219 | D:7      | Killed Duvessa
  6221 | D:7      | Killed Dowan
  6223 | D:7      | Reached ** piety under Qazlal
  6332 | D:7      | Gained mutation: You are partially covered in icy blue scales. (AC +2) [potion of mutation]
  6332 | D:7      | Gained mutation: Your system is resistant to poisons. (rPois) [potion of mutation]
  6333 | D:7      | Gained mutation: You are partially covered in thin metallic scales. (AC +2) [mutagenic meat]
  6334 | D:7      | Lost mutation: You are partially covered in icy blue scales. (AC +2) [mutagenic meat]
  6335 | D:7      | Gained mutation: You occasionally shout uncontrollably at your foes. [mutagenic meat]
  6336 | D:7      | Gained mutation: You are resistant to hostile enchantments. (MR+) [mutagenic meat]
  6337 | D:7      | Gained mutation: You expend magic power (3 MP) to strengthen your wands. [mutagenic meat]
  6338 | D:7      | Gained mutation: Potions are less effective at restoring your health. [mutagenic meat]
  6781 | D:8      | Reached skill level 8 in Long Blades
  6853 | D:8      | Reached XP level 10. HP: 68/68 MP: 12/12
  7168 | D:8      | Found a shimmering altar of Xom.
  7410 | D:8      | Reached skill level 9 in Long Blades
  7542 | D:9      | Reached *** piety under Qazlal
  7859 | D:9      | Noticed a two-headed ogre
  8660 | D:9      | Reached skill level 10 in Long Blades
  8803 | D:9      | Found Bosuarum's Weapon Shop.
  8960 | D:10     | Entered Level 10 of the Dungeon
  9216 | D:10     | Noticed Erolcha
  9240 | D:10     | Killed Erolcha
  9240 | D:10     | Reached XP level 11. HP: 65/77 MP: 3/13
  9259 | D:10     | Lost mutation: You occasionally shout uncontrollably at your foes. [potion of mutation]
  9259 | D:10     | Lost mutation: You expend magic power (3 MP) to strengthen your wands. [potion of mutation]
  9259 | D:10     | Lost mutation: Your system is resistant to poisons. (rPois) [potion of mutation]
  9259 | D:10     | Lost mutation: You are resistant to hostile enchantments. (MR+) [potion of mutation]
  9259 | D:10     | Gained mutation: Your spells are a little easier to cast, but a little less powerful. [potion of mutation]
  9259 | D:10     | Gained mutation: You possess an exceptional clarity of mind. [potion of mutation]
  9393 | D:10     | Gained mutation: You are surrounded by a mild repulsion field. (EV +2) [mutagenic meat]
  9395 | D:10     | Gained mutation: Your mind is acute. (Int +2) [mutagenic meat]
  9396 | D:10     | Lost mutation: Your spells are a little easier to cast, but a little less powerful. [mutagenic meat]
  9447 | D:10     | Reached **** piety under Qazlal
  9448 | D:10     | Noticed a two-headed ogre
  9457 | D:10     | Killed a two-headed ogre
  9457 | D:10     | Reached skill level 11 in Long Blades
  9719 | D:10     | Noticed a white ugly thing
  9738 | D:10     | Killed a white ugly thing
  9738 | D:10     | Reached skill level 1 in Invocations
  9774 | D:10     | Noticed a two-headed ogre
  9880 | D:10     | Killed a two-headed ogre
 10043 | D:10     | Found a staircase to the Lair.
 10173 | D:10     | Found a staircase to the Orcish Mines.
 10686 | D:11     | Killed a two-headed ogre
 10771 | D:11     | Noticed a two-headed ogre
 10780 | D:11     | Killed a two-headed ogre
 10864 | D:11     | Noticed a cyclops
 10873 | D:11     | Killed a cyclops
 10906 | D:11     | Reached XP level 12. HP: 61/84 MP: 15/15
 11215 | D:12     | Noticed a four-headed hydra
 11239 | D:12     | Reached skill level 12 in Long Blades
 11288 | D:11     | Reached skill level 5 in Invocations
 11648 | D:12     | Noticed a two-headed ogre
 11882 | D:12     | Killed a two-headed ogre
 12029 | D:12     | Killed a six-headed hydra
 12504 | D:13     | Noticed zhorgal's ghost (journeyman TrFi)
 12507 | D:13     | Noticed a two-headed ogre
 12508 | D:13     | Noticed a centaur warrior
 12631 | D:13     | Gained mutation: You occasionally shout uncontrollably at your foes. [mutagenic meat]
 12632 | D:13     | Gained mutation: You are partially covered in iridescent scales. (AC +2) [mutagenic meat]
 12810 | D:12     | Reached ***** piety under Qazlal
 12924 | Orc:1    | Entered Level 1 of the Orcish Mines
 13113 | Orc:1    | Noticed a stone giant
 13126 | Orc:1    | Killed a stone giant
 13510 | Orc:1    | Found Udadd's Antique Armour Boutique.
 13778 | Orc:2    | Entered Level 2 of the Orcish Mines
 13800 | Orc:2    | Noticed an orc warlord
 14129 | Orc:2    | Killed an orc warlord
 14158 | Orc:2    | Noticed a stone giant
 14161 | Orc:2    | Reached XP level 13. HP: 64/90 MP: 18/18
 14171 | Orc:2    | Killed a stone giant
 14171 | Orc:2    | Reached skill level 13 in Long Blades
 14171 | Orc:2    | Reached skill level 5 in Evocations
 14541 | Orc:2    | Noticed Donald
 14568 | Orc:2    | Found a staircase to the Elven Halls.
 14987 | Orc:2    | Found a roughly hewn altar of Beogh.
 14991 | Orc:2    | Found Turodet's Assorted Antiques.
 15133 | Orc:2    | Killed Donald
 15235 | Orc:2    | Found a roughly hewn altar of Beogh.
 15330 | Orc:2    | Reached skill level 1 in Shields
 15333 | Orc:2    | Found a roughly hewn altar of Beogh.
 15337 | Orc:2    | Found Osaude Jius's Antique Armour Emporium.
 15407 | Orc:2    | Noticed an orc warlord
 15422 | Orc:2    | Killed an orc warlord
 15454 | Orc:2    | Found a roughly hewn altar of Beogh.
 15569 | Orc:2    | Found Tekk's Antique Armour Shop.
 15570 | Orc:2    | Found a roughly hewn altar of Beogh.
 15571 | Orc:2    | Found Tattiukk's Antique Weapon Boutique.
 16097 | D:14     | Found Afefummue's Antique Weapon Emporium.
 16129 | D:14     | Reached ****** piety under Qazlal
 16216 | D:14     | Found a basalt altar of Yredelemnul.
 16574 | D:14     | Reached skill level 5 in Shields
 16574 | D:14     | Reached skill level 10 in Invocations
 16847 | D:15     | Entered Level 15 of the Dungeon
 17170 | D:15     | Noticed a great orb of eyes
 17187 | D:15     | Killed a great orb of eyes
 17198 | D:15     | Noticed a golden dragon
 17399 | Lair:1   | Entered Level 1 of the Lair of Beasts
 17455 | Lair:1   | Found a dark tunnel.
 17464 | Volcano  | Entered a volcano
 17651 | Volcano  | Found a radiant altar of Vehumet.
 17692 | Volcano  | Noticed a stone giant
 17709 | Volcano  | Killed a stone giant
 17709 | Volcano  | Reached XP level 14. HP: 25/98 MP: 11/22
 18949 | Lair:2   | Got a crystal hunting sling
 19147 | Lair:2   | Found a labyrinth entrance.
 19157 | Lab      | Entered a labyrinth
 19266 | Lab      | Identified the cursed +2 hunting sling "Ruqettoa" {venom, +Fly Int-5 Dex+3 SInv} (You found it on level 2 of the Lair of Beasts)
 19273 | Lab      | Identified Laduer's Papyrus of the Mountains and Dislocation
 19895 | Lair:3   | Noticed Sonja
 19902 | Lair:3   | Killed Sonja
 19953 | Lair:3   | Noticed Rupert
 19963 | Lair:3   | Killed Rupert
 20399 | Lair:3   | Found a staircase to the Snake Pit.
 20463 | Lair:3   | Noticed Urug
 20520 | Lair:3   | Hit by a javelin thrown by Urug

Vault maps used:
D:1:      dpeg_arrival_round_b
D:2:      first_bread
D:4:      eino_small_chamber_without_monster, eino_curves_01, xom_redecorated,
          uniq_blork_the_orc
D:6:      glass_columns_b, grunt_dithmenos_smoke
D:7:      nicolae_overflow_hidden_temple, lemuel_round_altar,
          chequers_temple_overflow_minitemple, minmay_temple_entry_junction,
          the_bakery, uniq_duvessa
D:8:      lemuel_coloured_pillars_altar
D:9:      serial_gnoll_camp, gnoll_camp_mini_shop, gnoll_camp_mini_basic,
          kennysheep_generic_room_3
D:10:     due_lair_maze_entry_diamond, orc_0_dummy, grunt_ministairs_14,
          uniq_erolcha
D:11:     grunt_ministairs_4, serial_bayou_pond_e
D:13:     hangedman_vaults_entry_quadrant_bands, minmay_parallelograms
D:14:     cheibrodos_elevator_heist, serial_shops, nicolae_shop_stone,
          yredelemnul_altar_generic, minivault_5, minmay_misc_feat_pillars
D:15:     hangedman_depths_entry_try_elsewhere_first, serial_bayou_pond_d
Temple:   eino_temple_rhombus
Lair:1:   enter_volcano_2
Lair:2:   lab_entry_generic, infiniplex_staircase_pool
Lair:3:   guppyfry_snake_entry_garden, uniq_rupert, uniq_urug, uniq_sonja
Orc:1:    serial_shops, nicolae_shop_trees, rock_pile
Orc:2:    grunt_orc_community_town_hall, grunt_orc_community_big_house_2,
          grunt_orc_community_big_house_1, grunt_orc_community_house_2,
          grunt_orc_community_house_2, grunt_orc_community_house_1,
          grunt_orc_community_house_3, grunt_orc_community_house_1,
          grunt_orc_community_house_3, uniq_donald
Lab:      labyrinth_hidden_loot, labyrinth_skeletal_remains
Volcano:  volcano_lake

Skill      XL: |  1  2  3  4  5  6  7  8  9 10 11 12 13 14 |
---------------+-------------------------------------------+-----
Stealth        | 2 4 5 6 8 10 | 10.0
Long Blades    | 3 5 8 10 11 12 13 | 13.1
Fighting       | 2 4 6 7 8 9 |  9.7
Dodging        | 3 4 6 7 8 9 |  9.8
Invocations    | 4 7 11 12 | 12.2
Evocations     | 4 5 |  5.0
Shields        | 6 8 |  8.7
Short Blades   | |  1.0

Action                   |  1- 3 |  4- 6 |  7- 9 | 10-12 | 13-15 || total
-------------------------+-------+-------+-------+-------+-------++-------
Melee: Short sword       |    36 |       |       |       |       ||    36
       Constrict         |     8 |    15 |    61 |   110 |    95 ||   289
       Tentacles         |     8 |    10 |    43 |   197 |   158 ||   416
       Scimitar          |     4 |    38 |   232 |   582 |   496 ||  1352
       Quick blade       |       |       |       |       |    22 ||    22
Invok: Elemental Force   |       |       |       |       |     4 ||     4
Evoke: Wand              |     5 |     7 |    16 |    35 |    29 ||    92
  Use: Scroll            |       |       |     3 |    15 |     5 ||    23
       Potion            |       |       |     4 |    10 |     9 ||    23
 Stab: Sleeping          |     1 |     6 |    21 |       |       ||    28
       Distracted        |       |       |     2 |       |       ||     2
       Confused          |       |       |       |     9 |     7 ||    16
  Eat: Chunk             |       |     3 |    22 |    28 |    12 ||    65
       Royal jelly       |       |       |       |     1 |     5 ||     6
Armor: Skin              |     4 |     6 |    40 |    64 |    31 ||   145
Dodge: Dodged            |    27 |    47 |   165 |   472 |   219 ||   930
       Deflected         |       |       |       |    14 |     6 ||    20
Block: Other             |       |       |     4 |   149 |    14 ||   167
       Shield            |       |       |       |       |   335 ||   335
       Reflection        |       |       |       |       |    25 ||    25
       Rpst.: Scimitar   |     1 |    12 |    48 |   117 |    47 ||   225
